AoeStats
← 钓鱼佬

Arabia

507271429Analyzed
1v1 RM · 14d ago on Sep 17, 2026· 52m 35s· 2 players
Game mode
Random Map
Map size
Tiny (2 player)
Population
200
Speed
Normal
Resources
Standard
Victory
Conquest
Starting age
Dark Age
Ending age
Imperial Age
RankedLock teamsTeams togetherTeam positionsShared explorationLock speedFull tech treeHidden civsTurbo modeCheats
Victory
Defeat
🇩🇪 Franks · Germany
1536
+18
🇨🇳 Dravidians · China
1570
-18
PacmanStally
6:25 Loom
9:20 Feudal Age
9:54 Double-Bit Axe
15:40 Padded Archer Armor
16:39 Fletching
22:05 Castle Age
20:37 Scale Barding Armor
20:45 Gold Mining
21:32 Town Watch
23:23 Chain Barding Armor
23:16 Bow Saw
25:17 Husbandry
32:53 Wheelbarrow
33:48 Forging
35:48 Sanctity
35:59 Town Patrol
36:31 Hand Cart
41:13 Imperial Age
42:49 Plate Barding Armor
41:59 Cavalier
42:58 Scale Mail Armor
42:59 Bodkin Arrow
43:39 Iron Casting
43:41 Conscription
44:33 #83
43:37 Light Cavalry
44:04 Capped Ram
45:15 Chain Mail Armor
44:53 Elite Throwing Axeman
48:09 Plate Mail Armor
48:39 Blast Furnace
48:24 Ballistics
48:16 Masonry
50:03 Paladin
52:22 Heavy Scorpion
钓鱼佬
6:29 Loom
10:04 Feudal Age
10:07 Man-at-Arms
13:05 Double-Bit Axe
15:26 Wheelbarrow
20:42 Castle Age
19:02 Gold Mining
18:56 Horse Collar
19:26 Fletching
19:37 Padded Archer Armor
21:24 Bodkin Arrow
22:30 Leather Archer Armor
26:17 Bow Saw
30:02 Pikeman
30:02 Long Swordsman
30:43 Squires
30:28 Arson
30:30 Gambesons
30:47 Scale Mail Armor
30:58 Forging
33:02 Chain Mail Armor
35:42 Iron Casting
36:04 Hand Cart
35:49 Stone Mining
37:24 Heavy Plow
42:29 Imperial Age
42:36 Halberdier
44:20 Plate Mail Armor
44:51 Blast Furnace
43:56 Two-Handed Swordsman
45:51 Thumb Ring
46:11 Ballistics
46:51 Chemistry
48:17 Bracer
49:27 Champion
51:23 Wootz Steel
Connection lost

Rejoining the realm…

Still unreachable

The connection could not be restored.

Session expired

The server has moved on; the page needs a fresh start.